Map: Dusk Towers

Players

IlllIlllIlll

  • Race: Zerg Zerg
  • League: Gold

바실리우스 - Winner!

  • Race: Protoss Protoss
  • League: Silver

VOD

Have the link to the VOD?

Description

Time

  • Played on: Dec. 5, 2015, 4:11 a.m.
  • Length: 8:59
Show
View Real Time Build Order
Export as new Build Order

IlllIlllIlll Zerg 

Build Orders: Hatch First 

Get SALT Encoding   

  12  0:01  Drone  
  13  0:15  Overlord  
  13  0:18  Drone  
  14  0:34  Drone x2  
  16  0:37  Drone  
  17  0:58  Hatchery  
  17  1:03  Drone  
  17  1:06  Extractor  
  17  1:07  Drone  
  17  1:26  Spawning Pool  
  17  1:27  Drone x2  
  17  1:32  Overlord  
  18  1:48  Drone  
  19  2:11  Drone x2  
  19  2:12  Drone  
  19  2:13  Queen  
  19  2:15  Queen  
  24  2:17  Metabolic Boost  
  24  2:19  Zergling x2  
  27  2:25  Drone x2  
  29  2:57  Drone x4  
  29  2:58  Drone  
  34  3:04  Hatchery, Drone  
  34  3:15  Roach Warren  
  34  3:16  Overlord x2  
  33  3:33  Overlord  
  34  3:41  Zergling x6  
  34  3:42  Zergling x6  
  34  3:43  Zergling x2  
  40  3:58  Roach  
  40  3:59  Roach x3  
  48  4:06  Extractor  
  48  4:07  Drone x4  
  51  4:13  Overlord  
  51  4:20  Queen  
  53  4:30  Ravager x2  
  53  4:31  Ravager  
  56  4:33  Ravager  
  57  4:42  Drone, Extractor  
  57  4:43  Drone x2  
  57  4:44  Overlord  
  57  4:45  Overlord  
  59  4:47  Roach x2  
  59  4:48  Roach  
  59  4:49  Zergling x2  
  66  4:54  Overlord x2  
  66  5:22  Lair  
  66  5:24  Drone  
  66  5:27  Drone x6  
  73  5:31  Drone x6  
  73  5:32  Drone x3  
  82  5:41  Evolution Chamber  
  82  5:42  Ravager x3  
  84  5:48  Drone x5  
  89  5:55  Spore Crawler  
  88  5:59  Drone x3, Extractor  
  88  6:01  Drone x2  
  92  6:17  Overlord x2  
  92  6:18  Overlord  
  92  6:19  Zerg Missile Weapons Level 1  
  92  6:24  Evolution Chamber, Glial Reconstitution  
  91  6:28  Roach x3  
  91  6:32  Overlord x4  
  97  6:50  Overlord x2  
  97  6:55  Drone x3  
  97  6:56  Drone x5, Hydralisk Den  
  104  7:13  Overlord x2  
  104  7:22  Zergling x2  
  104  7:23  Roach x4, Zergling x8  
  104  7:24  Roach x2  
  106  7:38  Zergling x6  
  106  7:39  Zergling x2  
  96  7:57  Zergling x4  
  96  7:58  Roach x3, Zergling x4  
  84  8:11  Zergling x2  
  84  8:12  Roach, Zergling x2  
  73  8:28  Zergling x4  
  73  8:29  Roach x2, Zergling x4  
  82  8:39  Zergling x2  
  82  8:40  Zergling x2  
Show
View Real Time Build Order
Export as new Build Order

바실리우스 Protoss - Winner!

Build Orders: Nexus First, Colossus Rush 

Get SALT Encoding   

  12  0:01  Probe (Chrono Boost)  
  13  0:11  Probe (Chrono Boost)  
  14  0:19  Pylon  
  14  0:22  Probe (Chrono Boost)  
  15  0:37  Probe (Chrono Boost)  
  16  0:48  Probe (Chrono Boost)  
  17  0:58  Probe (Chrono Boost)  
  17  1:02  Nexus  
  18  1:12  Gateway  
  18  1:15  Probe (Chrono Boost)  
  19  1:22  Assimilator  
  19  1:30  Gateway  
  19  1:33  Probe (Chrono Boost)  
  20  1:43  Pylon  
  20  1:44  Probe (Chrono Boost)  
  21  1:50  Assimilator  
  21  1:59  Cybernetics Core  
  21  2:07  Zealot  
  24  2:08  Probe (Chrono Boost)  
  24  2:18  Zealot  
  24  2:19  Probe (Chrono Boost)  
  24  2:22  Probe (Chrono Boost)  
  28  2:29  Probe (Chrono Boost)  
  29  2:36  Warp Gate (Chrono Boost)  
  29  2:39  Sentry  
  29  2:40  Probe (Chrono Boost)  
  32  2:46  Probe (Chrono Boost)  
  32  2:50  Probe (Chrono Boost)  
  33  2:56  Stalker  
  35  3:00  Probe  
  35  3:02  Probe  
  35  3:05  Stalker  
  39  3:11  Pylon  
  39  3:16  Mothership Core, Probe  
  42  3:22  Assimilator  
  42  3:26  Probe  
  42  3:29  Stalker  
  45  3:37  Probe  
  46  3:42  Stalker  
  46  3:44  Probe  
  49  3:54  Probe  
  49  3:57  Gateway  
  49  3:59  Stalker (Chrono Boost), Pylon  
  52  4:05  Probe  
  52  4:09  Robotics Facility  
  53  4:15  Probe  
  53  4:16  Assimilator  
  54  4:26  Probe  
  54  4:30  Stalker  
  57  4:36  Probe  
  57  4:38  Pylon  
  58  4:45  Stalker  
  60  4:47  Probe  
  60  4:49  Gateway  
  61  4:56  Robotics Bay  
  61  4:58  Probe, Observer (Chrono Boost)  
  63  5:00  Pylon  
  63  5:04  Stalker x2  
  67  5:08  Probe  
  67  5:09  Sentry  
  70  5:25  Probe  
  71  5:31  Forge  
  71  5:32  Pylon  
  71  5:35  Probe  
  71  5:38  Colossus (Chrono Boost)  
  72  5:46  Extended Thermal Lance (Chrono Boost)  
  72  5:49  Probe  
  78  5:53  Zealot x2  
  78  5:54  Zealot  
  85  5:57  Pylon  
  85  5:59  Pylon  
  85  6:13  Pylon  
  85  6:15  Pylon  
  85  6:22  Colossus  
  85  6:28  Stalker  
  85  6:29  Stalker x3  
  99  6:56  Protoss Ground Weapons Level 1 (Chrono Boost)  
  99  7:07  Stalker x3  
  105  7:09  Colossus  
  105  7:10  Zealot  
  105  7:12  Pylon  
  92  7:54  Stalker x4  
  82  8:26  Stalker x4  
  80  8:52  Stalker  
  80  8:53  Stalker x3  
Tags
 
Add a new tag
Caveats
  • Supply blocks, unpowered buildings, or Contaminate may cause inaccurate times.
  • Supply counts are checked every 10 seconds.